 Dungeon Crawl Stone Soup version 0.28-a0-984-g3775c662fe (webtiles) character file.

Game seed: 4877664751909468534

39 oldriver the Conjurer (level 3, -1/39 HPs)
             Began as a Draconian Conjurer on Dec 4, 2021.
             Slain by Jessica (4 damage)
             ... on level 2 of the Dungeon.
             The game lasted 00:01:48 (2366 turns).

oldriver the Conjurer (Draconian Conjurer)          Turns: 2366, Time: 00:01:48

Health: -1/39      AC: 21    Str:  9    XL:     3   Next: 28%
Magic:  1/6        EV:  2    Int: 26    God:
Gold:   82         SH:  0    Dex:  9    Spells: 3/6 levels left

rFire   . . .      SeeInvis .   (no weapon)
rCold   . . .      Faith    .   (no shield)
rNeg    . . .      Spirit   .   (armour unavailable)
rPois   +          Reflect  .   (helmet currently unavailable)
rElec   .          Harm     .   (cloak currently unavailable)
rCorr   .          Rampage  .   (gloves currently unavailable)
Will    .....      NoTele   +   (boots currently unavailable)
Stlth   ++........              (no amulet)
HPRegen 0.13/turn               f - +6 ring of intelligence
MPRegen 0.10/turn               (no ring)

@: tree-form
A: stationary, stasis, torment immunity, boosted hp, AC +5, unfitting armour,
(cold-blooded)
a: no special abilities


You were on level 2 of the Dungeon.
You were a tree.
You visited 1 branch of the dungeon, and saw 2 of its levels.

You collected 82 gold pieces.

Inventory:

Jewellery
 f - a +6 ring of intelligence (left branch)
Scrolls
 b - a scroll of teleportation
 e - a scroll of identify {unknown}
 i - a scroll of brand weapon {unknown}
Potions
 d - a potion of mutation {unknown}
 g - a potion of flight {unknown}
 h - a potion of brilliance {unknown}


   Skills:
 + Level 2.0 Dodging
 + Level 1.9 Stealth
 + Level 0.2 Unarmed Combat
 * Level 2.3 Spellcasting
 + Level 4.7 Conjurations


You had 3 spell levels left.
You knew the following spells:

 Your Spells              Type           Power      Damage    Failure   Level
a - Magic Dart            Conj           100%       1d8       1%          1
b - Searing Ray           Conj           54%        2d6       2%          2

Your spell library contained the following spells:

 Spells                   Type           Power      Damage    Failure   Level
 Shock                    Conj/Air       60%        1d6       3%          1
 Dazzling Flash           Conj/Hex       30%        N/A       12%         3
 Swiftness                Air            3%         N/A       30%         3
 Fulminant Prism          Conj/Hex       7%         3d7       36%         4
 Iskenderun's Mystic Bla  Conj/Tloc      15%        2d5       36%         4
 Airstrike                Air            1%         N/A       69%         4


Dungeon Overview and Level Annotations

Branches:
Dungeon (2/15)

Altars:

Shops:
D:1 *

Annotations:
D:2 Jessica


Innate Abilities, Weirdness & Mutations

You are a tree.
Your roots penetrate the ground, keeping you stationary.
You cannot be teleported.
You are immune to unholy pain and torment.
Your maximum health is greatly increased.
Your equipment is partially melded.
((Your plain brown scales are hard. (AC +5)))
You cannot fit into any form of body armour.
((You are cold-blooded and may be slowed by cold attacks.))


Message History

The ogre is severely wounded.
The magic dart hits the ogre but does no damage.
The ogre is severely wounded.
Jessica the Apprentice Sorceress comes into view.
She is wielding a +0 club.
Jessica shouts!
Jessica drinks a potion.
Jessica flickers and vanishes!
Deactivating autopickup; reactivate with Ctrl-A.
Okay, then.
As you read the scroll labelled JUACWY LOY, it crumbles to dust.
You feel strangely unstable.
It was a scroll of teleportation.
You hear some strange, mumbled words.
The ogre completely misses you.
Casting: Magic Dart (safe; 1% risk of failure)
Confirm with . or Enter, or press ? or * to list all spells.
Aiming: Magic Dart (safe; 1% risk of failure)
Press: ? - help, Shift-Dir - straight line, f/p - ogre
Aim: an ogre, wielding a +0 giant spiked club (severely wounded, 100% to hit)
The magic dart hits the ogre.
The ogre is almost dead.
Something hits you. Something hits you but does no damage.
You hit the ogre.
The ogre is almost dead.
The ogre hits you with a +0 giant spiked club!!
Ouch! That really hurt!
* * * LOW HITPOINT WARNING * * *
Something hits you.
* * * LOW HITPOINT WARNING * * *
It was a potion of curing.
You feel better. Something hits you.
* * * LOW HITPOINT WARNING * * *
The ogre barely misses you. Something hits you.
* * * LOW HITPOINT WARNING * * *
It was a potion of lignification.
You turn into a tree.
Your roots penetrate the ground.
You feel strangely stable. Something hits you but does no damage.
The ogre hits you but does no damage.
You hit the ogre but do no damage.
The ogre is almost dead.
Something hits you.
* * * LOW HITPOINT WARNING * * *
Something hits you.
You die...

#.#.....# #.#.#..# #.#
#.#'##### #.#)#..# #.#
#.......###.#.#..# #.#
#....##.#...#.#..# #.#
#....##.#.#.#.#..# #.#
.......#....##.#.###.#..# #.#
.......#....##.#...#.#..# #.#
.......'....##.###.#.#### #.#
.......#######♣#<..#.# #.#
.......'.#####O#####.# #.#
.......#.#.....#.....# #.#
..#....#'#.#####.###########.##
...........# #..............#
...........# ################
###........# #....#+#.# #####
#.#


You could see an ogre.

Vanquished Creatures
  2 bats
  An endoplasm (D:1)
  A giant cockroach (D:2)
  3 goblins (D:1)
  A hobgoblin (D:1)
  4 jackals (D:2)
  6 kobolds
  5 quokkas
  6 ball pythons (D:1)
  A frilled lizard (D:1)
  2 rats (D:1)
32 creatures vanquished.

Notes
Turn   | Place    | Note
-------+----------+-------------------------------------------
     0 | D:1      | oldriver the Draconian Conjurer began the quest for the
                  | Orb.
     0 | D:1      | Reached XP level 1. HP: 14/14 MP: 3/3
   360 | D:1      | Reached XP level 2. HP: 20/20 MP: 0/5
   908 | D:1      | Found Sobaduss's General Store.
  1652 | D:1      | Reached XP level 3. HP: 26/26 MP: 4/6
  1794 | D:1      | Learned a level 2 spell: Searing Ray
  2346 | D:2      | Noticed an ogre
  2358 | D:2      | Noticed Jessica
  2363 | D:2      | HP: 1/26 [something (2)]
  2366 | D:2      | Slain by Jessica

Illustrated notes

Levels and vault maps discovered:
D:1:      lemuel_arrival_muddy, layout_basic, serial_shops,
          nicolae_shop_advertising_works [nicolae_subvault_shop_adworks],
          serial_forest, infiniplex_forest_clump_medium,
          infiniplex_forest_lined_4_way, infiniplex_forest_straight_3,
          infiniplex_forest_end_2, infiniplex_forest_end_3,
          infiniplex_forest_clump_cross, infiniplex_forest_lined_room_,
          infiniplex_forest_clump_cross, infiniplex_forest_end_3,
          minmay_split_cup_large
D:2:      layout_basic, serial_shops, nicolae_shop_trees, solitary_fountain,
          uniq_jessica

Skill      XL: |  1  2 |
---------------+-------+-----
Dodging        | 2 |  2.0
Stealth        | |  1.9
Unarmed Combat | |  0.2
Spellcasting   | |  2.3
Conjurations   | |  4.7

Action                   || total
-------------------------++-------
Melee: Unarmed           ||    32
       Tailslap          ||     5
 Cast: Magic Dart        ||    57
  Use: Potion            ||     2
       Scroll            ||     1
Armor: Skin              ||    13
Dodge: Dodged            ||    33

Table legend: (Time is in decaauts)
 A = Elapsed time spent in this place.
 B = Non-inter-level travel time spent in this place.
 C = Inter-level travel time spent in this place.
 D = Time resting spent in this place.
 E = Time spent auto-exploring this place.
 F = Levels seen in this place.
 G = Mean time per level.
                   A        B        C        D        E       F      G
               +--------+--------+--------+--------+--------+-----+--------+
         Total |   2367 |   2348 |     19 |    255 |   1904 |   2 | 1183.5 |
       Dungeon |   2367 |   2348 |     19 |    255 |   1904 |   2 | 1183.5 |
               +--------+--------+--------+--------+--------+-----+--------+

Top non-repeatable levels by time:
     D:1: 1814 daAuts
     D:2: 552 daAuts
